 Dungeon Crawl Stone Soup version 0.32-a0-540-g866d13106e (webtiles) character file.

Game seed: 1819959493587185845

753 Sobieck the Firebug (level 7, -1/55 HPs)
             Began as a Mountain Dwarf Fire Elementalist on Feb 28, 2024.
             Was an Initiate of Gozag.
             Slain by a two-headed ogre
             ... wielding a +0 giant club
              (16 damage)
             ... on level 5 of the Dungeon.
             The game lasted 00:08:59 (5363 turns).

Sobieck the Firebug (MDFE)                          Turns: 5363, Time: 00:09:00

Health: -1/55      AC:  5    Str: 11    XL:     7   Next: 49%
Magic:  0/12       EV: 11    Int: 23    God:    Gozag
Gold:   276        SH:  0    Dex: 16    Spells: 10/13 levels left

rFire   . . .        r - +1 dagger (venom)
rCold   . . .        (no shield)
rNeg    . . .        o - +1 leather armour
rPois   .            (no helmet)
rElec   .            t - +0 cloak
rCorr   .            (no gloves)
SInv    .            (no boots)
Will    .....        (no amulet)
Stlth   ++           l - +6 ring of intelligence
HPRegen 0.29/turn    i - +6 ring of dexterity
MPRegen 0.13/turn

%: no passive effects
@: gold aura
A: runic magic, artefact enchanting
a: Renounce Religion, Potion Petition, Call Merchant, Bribe Branch


You were on level 5 of the Dungeon.
You worshipped Gozag.
Gozag was aware of your devotion.
You visited 1 branch of the dungeon, and saw 5 of its levels.

You collected 366 gold pieces.
You paid 90 gold pieces to Gozag.

Inventory:

Hand Weapons
 d - a +0 trident
 r - a +1 dagger of venom (weapon)
Missiles
 F - 3 curare-tipped darts
Armour
 a - a +0 robe
 e - a +0 ring mail
 k - a +0 chain mail
 o - a +1 leather armour (worn)
 t - a +0 cloak (worn)
Jewellery
 f - a +5 ring of evasion
 i - a +6 ring of dexterity (right hand)
 l - a +6 ring of intelligence (left hand)
 s - a ring of see invisible
Wands
 E - a wand of charming (3)
Scrolls
 h - 3 scrolls of enchant weapon
 T - a scroll of teleportation
Potions
 b - a potion of magic
 c - a potion of brilliance {unknown}
 g - a potion of lignification {unknown}
 j - a potion of mutation {unknown}
 m - a potion of ambrosia
 n - a potion of enlightenment
 p - a potion of berserk rage {unknown}
 q - 2 potions of heal wounds
 Q - 2 potions of curing


   Skills:
 + Level 2.2 Fighting
 + Level 2.8 Armour
 - Level 1.3 Dodging
 - Level 2.0 Stealth
 * Level 3.9 Spellcasting
 * Level 3.6 Conjurations
 * Level 6.2 Fire Magic


You had 10 spell levels left.
You knew the following spells:

 Your Spells              Type           Power      Damage    Failure   Level
a - Foxfire               Conj/Fire      100%       2x1d9     1%          1
b - Scorch                Fire           66%        2d7       1%          2

Your spell library contained the following spells:

 Spells                   Type           Power      Damage    Failure   Level
 Inner Flame              Hex/Fire       18%        N/A       9%          3
 Volatile Blastmotes      Fire/Tloc      36%        2d13      9%          3
 Flame Wave               Conj/Fire      27%        2d9       14%         4
 Dazzling Flash           Conj/Hex       24%        N/A       16%         3
 Mephitic Cloud           Conj/Alch/Air  10%        N/A       21%         3
 Curse of Agony           Necr           4%         N/A       97%         5
 Silence                  Hex/Air        2%         N/A       97%         5


Dungeon Overview and Level Annotations

Branches:
Dungeon (5/15)
 Temple: D:4-7

Altars:
Dithmenos
Gozag
Kikubaaqudgha
Makhleb
Nemelex Xobeh
Qazlal
Uskayaw
Zin

Shops:
D:5 !

Annotations:
D:4 2 transporters


Innate Abilities, Weirdness & Mutations

Your spellcasting is much less encumbered by armour.
You can use scrolls of enchantment on lesser artefacts.


Message History

An adder comes into view.
Unknown command.
You conjure some foxfire!
The foxfire hits the two-headed ogre!
The two-headed ogre is lightly wounded.
Unknown command.
Casting: Foxfire (safe; 1% risk of failure)
Confirm with . or Enter, or press ? or * to list all spells.
Flames lash the two-headed ogre.
The two-headed ogre is moderately wounded.
The two-headed ogre's fire resistance burns away.
Casting: Scorch (safe; 1% risk of failure)
Confirm with . or Enter, or press ? or * to list all spells.
Flames lash the adder.
The adder is almost dead.
The adder's fire resistance burns away.
The two-headed ogre misses you.
The two-headed ogre hits you with a +0 giant club!
Casting: Scorch (safe; 1% risk of failure)
Confirm with . or Enter, or press ? or * to list all spells.
Flames lash the orc.
You kill the orc!
The two-headed ogre hits you with a +0 giant club!!
Ouch! That really hurt!
* * * LOW HITPOINT WARNING * * *
The two-headed ogre completely misses you.
Casting: Scorch (safe; 1% risk of failure)
Confirm with . or Enter, or press ? or * to list all spells.
Flames lash the adder.
The adder is burned terribly!
You kill the adder!
Casting: Scorch (safe; 1% risk of failure)
Confirm with . or Enter, or press ? or * to list all spells.
Flames lash the two-headed ogre.
The two-headed ogre is burned terribly!
The two-headed ogre is heavily wounded.
The two-headed ogre hits you with a +0 giant club.
* * * LOW HITPOINT WARNING * * *
The two-headed ogre closely misses you.
Casting: Scorch (safe; 1% risk of failure)
Confirm with . or Enter, or press ? or * to list all spells.
You don't have enough magic to cast this spell.
Unknown command.
Unknown command.
You are too injured to fight recklessly!
You are too injured to fight recklessly!
You are too injured to fight recklessly!
You are too injured to fight recklessly!
Unknown command.
You barely miss the two-headed ogre.
The two-headed ogre is heavily wounded.
The two-headed ogre hits you with a +0 giant club!
You die...
Your body crumbles into a pile of gold.

..#.##......55 ..
#.#.##.#
....###.#.##.#
..........##.#
.....##.####.# ...
#......# . #
######## . #
#.##.####....
#.#....@O$.....
#.####'###$#...
#......ยง.#
#........#
#........#
#........# ####
.........#.####'###
###.#. .........#.#
#.# ###...##
.........#.# #.# #
###...#..#


You could see a two-headed ogre (combustible).

Vanquished Creatures
  A black bear (D:4)
  An ogre (D:4)
  A gnoll sergeant (D:5)
  2 hounds
  5 jellies
  Jessica (D:2)
  2 iguanas
  2 orc wizards (D:3)
  10 adders
  2 white imps (D:5)
  2 dart slugs
  A ribbon worm (D:3)
  9 orcs
  5 ball pythons
  3 bats
  9 endoplasms
  4 giant cockroaches
  5 goblins
  A hobgoblin (D:2)
  A jackal (D:3)
  3 quokkas
  2 frilled lizards (D:2)
  8 kobolds
  4 rats
84 creatures vanquished.

Vanquished Creatures (others)
  315 foxfires
315 creatures vanquished.

Grand Total: 399 creatures vanquished

Notes
Turn   | Place    | Note
-------+----------+-------------------------------------------
     0 | D:1      | Sobieck the Mountain Dwarf Fire Elementalist began the
                  | quest for the Orb.
     0 | D:1      | Reached XP level 1. HP: 14/14 MP: 3/3
   101 | D:1      | Reached skill level 1 in Conjurations
   231 | D:1      | Reached XP level 2. HP: 6/20 MP: 0/5
   452 | D:1      | Learned a level 2 spell: Scorch
   681 | D:1      | Reached skill level 4 in Fire Magic
  1085 | D:2      | Reached XP level 3. HP: 26/26 MP: 2/6
  1700 | D:2      | Noticed Jessica
  1705 | D:2      | Killed Jessica
  1706 | D:2      | Reached skill level 1 in Armour
  1706 | D:2      | Reached XP level 4. HP: 33/33 MP: 0/7
  2595 | D:3      | Reached XP level 5. HP: 38/38 MP: 3/8
  2943 | D:4      | Noticed a two-headed ogre
  2943 | D:4      | Found a transporter.
  3077 | D:3      | Reached skill level 5 in Fire Magic
  3525 | D:3      | Found a faded altar of an unknown god.
  3654 | D:4      | Reached skill level 3 in Spellcasting
  3767 | D:4      | Reached skill level 1 in Fighting
  3867 | D:4      | Noticed an ogre
  3874 | D:4      | Killed an ogre
  3875 | D:4      | Reached XP level 6. HP: 47/47 MP: 0/10
  4112 | D:4      | Found a stormy altar of Qazlal.
  4113 | D:4      | Found a shadowy altar of Dithmenos.
  4115 | D:4      | Found a hide-covered altar of Uskayaw.
  4117 | D:4      | Found an opulent altar of Gozag.
  4118 | D:4      | Found an ancient bone altar of Kikubaaqudgha.
  4150 | D:4      | Reached skill level 3 in Conjurations
  4162 | D:4      | Became a worshipper of Gozag Ym Sagoz the Greedy
  4311 | D:4      | Found a transporter.
  4315 | D:4      | Found a sparkling altar of Nemelex Xobeh.
  4317 | D:4      | Found a glowing silver altar of Zin.
  4372 | D:4      | Found a burning altar of Makhleb.
  4625 | D:5      | Entered Level 5 of the Dungeon
  4737 | D:5      | Reached XP level 7. HP: 53/53 MP: 7/12
  4786 | D:5      | Found Hyoxza's Distillery.
  5045 | D:5      | Reached skill level 6 in Fire Magic
  5353 | D:5      | Noticed a two-headed ogre
  5363 | D:5      | Slain by a two-headed ogre

Illustrated notes

Levels and vault maps discovered:
D:1:      dpeg_arrival_concentric_ovals, layout_basic, chequers_arboretum
D:2:      layout_loops_corners, serial_bayou_pond_d, amethyst_killhole,
          chequers_mini_garden, uniq_jessica
D:3:      minmay_chambers_of_twos, layout_rooms,
          shapermc_ecumenical_altar_pompeii, minmay_fractal_squares_gapless_5
D:4:      layout_cave_pools, grunt_temple_overflow_open,
          makhleb_heckhound_becter, gammafunk_temple_overflow_arena,
          dk_noncrumbling_4
D:5:      minmay_skewed_foursquare, layout_basic,
          mainiacjoe_sewer_entry_somewhere_in_here_2, serial_shops, shop,
          uniq_crazy_yiuf_cottage, uniq_pikel

Skill      XL: |  1  2  3  4  5  6  7 |
---------------+----------------------+-----
Conjurations   | 1 2 3 |  3.6
Spellcasting   | 2 3 |  3.9
Fire Magic     | 4 5 6 |  6.2
Armour         | 1 2 |  2.8
Stealth        | 2 |  2.0
Fighting       | 1 2 |  2.2
Dodging        | |  1.3

Action                     |  1- 3 |  4- 6 |  7- 9 || total
---------------------------+-------+-------+-------++-------
  Melee: Trident           |    31 |     2 |       ||    33
         Dagger            |       |     9 |     5 ||    14
   Cast: Foxfire           |    36 |   127 |    28 ||   191
         Scorch            |     4 |     6 |     8 ||    18
    Use: Scroll            |       |    10 |       ||    10
         Potion            |       |       |     1 ||     1
   Stab: Sleeping          |     2 |       |       ||     2
 Armour: Robe              |    25 |     1 |       ||    26
         Leather armour    |       |    39 |     9 ||    48
  Dodge: Dodged            |     8 |    24 |    11 ||    43

Table legend: (Time is in decaauts)
 A = Elapsed time spent in this place.
 B = Non-inter-level travel time spent in this place.
 C = Inter-level travel time spent in this place.
 D = Time resting spent in this place.
 E = Time spent auto-exploring this place.
 F = Levels seen in this place.
 G = Mean time per level.
                   A        B        C        D        E       F      G
               +--------+--------+--------+--------+--------+-----+--------+
         Total |   5371 |   5151 |    220 |    596 |   3820 |   5 | 1074.2 |
       Dungeon |   5371 |   5151 |    220 |    596 |   3820 |   5 | 1074.2 |
               +--------+--------+--------+--------+--------+-----+--------+

Top non-repeatable levels by time:
     D:3: 1397 daAuts
     D:2: 1323 daAuts
     D:4: 1046 daAuts
     D:1: 883 daAuts
     D:5: 720 daAuts
